 Dungeon Crawl Stone Soup version 0.20-a0-61-ga1b20b4 (webtiles) character file.

12 KristoblXynda the Charlatan (level 2, 0/12 HPs)
             Began as a Felid Artificer on Nov 17, 2016.
             Slain by a hobgoblin
             ... wielding a +0 club
              (4 damage)
             ... on level 1 of the Dungeon.
             The game lasted 00:01:16 (705 turns).

KristoblXynda the Charlatan (Felid Artificer)        Turns: 705, Time: 00:01:16

Health: 0/12       AC:  1    Str:  8    XL:     2   Next: 20%
Magic:  5/5        EV: 18    Int: 12    God:
Gold:   25         SH:  0    Dex: 16    Spells: 0 memorised, 1 level left
                                        Lives:  0   Deaths: 0

rFire  . . .     SeeInvis +       - Unarmed
rCold  . . .     Gourm    .     (armour unavailable)
rNeg   . . .     Faith    .     (shield unavailable)
rPois  .         Spirit   .     (helmet unavailable)
rElec  .         Reflect  .     (cloak unavailable)
rCorr  .         Harm     .     (gloves unavailable)
MR     .....                    (boots unavailable)
Stlth  ++........               (no amulet)
                                (no ring)
                                (no ring)

@: quick
A: no armour, no weapons or thrown items, stealth, claws 1, fangs 3, see
invisible, carnivore 3, speed 1, shaggy fur 1, slow metabolism 1, sharp paws
a: no special abilities


You were on level 1 of the Dungeon.
You were full.

You visited 1 branch of the dungeon, and saw 1 of its levels.

You collected 25 gold pieces.

Inventory:

Wands
 a - a wand of flame (13/48)
 b - a wand of enslavement (15/24)
 c - a wand of random effects (14/48)
Scrolls
 e - a scroll of remove curse {unknown}
Comestibles
 d - a meat ration


   Skills:
 - Level 1.0 Fighting
 + Level 3.1 Dodging
 + Level 1.7 Stealth
 + Level 1.2 Unarmed Combat
 + Level 3.6 Evocations


You had one spell level left.
You didn't know any spells.

Dungeon Overview and Level Annotations

Branches:
Dungeon (1/15)

Altars:


Innate Abilities, Weirdness & Mutations

You cannot wear armour.
You are incapable of wielding weapons or throwing items.
Your paws allow you to move quietly. (Stealth)
You have sharp claws.
You have razor-sharp teeth.
You have supernaturally acute eyesight. (SInv)
You are carnivorous and can eat meat at any time.
You cover ground quickly.
You are covered in fur. (AC +1)
You have a slow metabolism.
Your sharp claws are effective at attacking unaware monsters.


Message History

A giant cockroach comes into view.
The bat hits you. The bat closely misses you. The jackal barely misses you.
The bat misses you.
You barely miss the hobgoblin. The bat completely misses you.
The jackal barely misses you. The jackal bites you.
The hobgoblin barely misses you. The jackal completely misses you. x2
The bat misses you. The bat completely misses you.
The jackal barely misses you. The hobgoblin hits you.
A hobgoblin comes into view. It is wielding a club.
The bat barely misses you. The rat misses you. The bat misses you.
The hobgoblin shouts!
The bat misses you. The rat barely misses you. The bat misses you.
The bat closely misses you. The bat barely misses you.
The hobgoblin completely misses you. The bat completely misses you.
The bat hits you. The bat misses you. The bat barely misses you.
The bat hits you. The hobgoblin hits you with a club.
You die...

g....
#..............
#..............
#..............
#...............
#..............#
#...............
#...............
#.....b@........
#.....bgh......
#.......r..####
#.....rh...#####.
+.......rsg......
#......l.........
#................
#####......(.....
#..%.........


You could see 2 jackals, a giant cockroach, 2 hobgoblins, 2 bats, a frilled
lizard and 3 rats.

Vanquished Creatures
  A worm (D:1)
  A dart slug (D:1)
  A goblin (D:1)
  2 hobgoblins (D:1)
  A kobold (D:1)
  2 rats (D:1)
8 creatures vanquished.

Notes
Turn   | Place    | Note
-------+----------+-------------------------------------------
     0 | D:1      | KristoblXynda the Felid Artificer began the quest for the Orb.
     0 | D:1      | Reached XP level 1. HP: 9/9 MP: 4/4
   183 | D:1      | Reached XP level 2. HP: 7/12 MP: 5/5
   705 | D:1      | Slain by a hobgoblin

Vault maps used:
D:1:      dpeg_arrival_rooms_with_view

Skill      XL: |  1 |
---------------+----+-----
Dodging        | 3 |  3.1
Fighting       | |  1.0
Stealth        | |  1.7
Unarmed Combat | |  1.2
Evocations     | |  3.6

Action                   || total
-------------------------++-------
Melee: Unarmed           ||    29
       Bite              ||     4
       Punch             ||     1
Evoke: Wand              ||     3
 Stab: Sleeping          ||     1
  Eat: Chunk             ||     3
Armor: Skin              ||     3
Dodge: Dodged            ||    40
